Map: Habitation Station LE (Void)

Players

Musumeci - Winner!

  • Race: Zerg Zerg
  • League: Diamond
  • Spawn Location: 1:00

A.I. 1 (Easy)

  • Race: Protoss Protoss
  • Spawn Location: 11:00

VOD

Have the link to the VOD?

Description

Time

  • Played on: Jan. 7, 2017, 1:56 p.m.
  • Length: 3:41
Show
View Real Time Build Order
Export as new Build Order

Musumeci Zerg - Winner!

Build Orders: Pool Only 

Get SALT Encoding   

  12  0:07  Drone  
  13  0:09  Drone  
  14  0:31  Spawning Pool  
  14  0:32  Drone  
  14  0:34  Extractor  
  13  0:39  Drone  
  14  0:46  Overlord  
  14  0:51  Extractor  
  14  0:52  Drone  
  15  1:18  Zergling x6  
  18  1:20  Queen  
  20  1:29  Zergling x2  
  21  1:38  Metabolic Boost  
  21  1:48  Zergling x2  
  22  1:57  Overlord  
  19  2:36  Zergling x2  
  24  2:37  Zergling x10  
  24  2:56  Zergling x2  
  25  3:02  Baneling Nest  
  25  3:03  Zergling x2  
  25  3:06  Extractor  
  23  3:15  Zergling x2  
Show
View Real Time Build Order
Export as new Build Order

A.I. 1 (Easy) Protoss 

Build Orders:  

Get SALT Encoding   

  12  0:01  Probe (Chrono Boost)  
  13  0:11  Probe (Chrono Boost)  
  14  0:20  Pylon  
  14  0:22  Probe (Chrono Boost)  
  15  0:39  Probe (Chrono Boost)  
  16  0:44  Assimilator  
  16  0:50  Gateway  
  16  0:53  Pylon  
  16  1:17  Assimilator  
  16  1:37  Zealot  
  18  1:42  Cybernetics Core  
  19  1:47  Probe (Chrono Boost)  
  19  1:59  Pylon  
  19  2:02  Probe (Chrono Boost)  
  20  2:13  Probe (Chrono Boost)  
  21  2:20  Adept  
  20  2:25  Probe (Chrono Boost)  
  15  2:37  Probe (Chrono Boost)  
  15  2:46  Zealot  
  15  2:48  Probe (Chrono Boost)  
  16  3:00  Probe (Chrono Boost)  
  17  3:11  Adept  
  17  3:12  Probe (Chrono Boost)  
  18  3:23  Probe (Chrono Boost)  
Tags
 
Add a new tag
Caveats
  • Supply blocks, unpowered buildings, or Contaminate may cause inaccurate times.
  • Supply counts are checked every 10 seconds.